AoeStats
← Ragekablak

Marketplace

505472404Analyzed
1v1 RM · 24d ago on Sep 9, 2026· 51m 14s· 2 players
Game mode
Random Map
Map size
Tiny (2 player)
Population
200
Speed
Normal
Resources
Standard
Victory
Conquest
Starting age
Dark Age
Ending age
Imperial Age
RankedLock teamsTeams togetherTeam positionsShared explorationLock speedFull tech treeHidden civsTurbo modeCheats
Victory
Defeat
🇦🇷 Khmer · Argentina
476
+18
🇫🇷 Gurjaras · France
512
-18
Faisssan420☭
8:49 Feudal Age
9:16 Double-Bit Axe
10:59 Horse Collar
13:29 Loom
16:50 Gold Mining
21:19 Castle Age
20:30 Stone Mining
22:23 Bow Saw
22:15 Heavy Plow
21:38 Light Cavalry
24:59 Husbandry
25:13 Forging
25:47 Stone Shaft Mining
25:49 Gold Shaft Mining
26:20 Bow Saw
34:28 Imperial Age
35:47 Crop Rotation
36:35 Double Crossbow
39:51 Hussar
41:49 Wheelbarrow
41:57 Iron Casting
41:30 Scale Barding Armor
43:14 Hand Cart
43:24 Tusk Swords
45:50 Elite Ballista Elephant
48:09 Chemistry
46:34 Heavy Scorpion
Ragekablak
2:40 Loom
14:19 Feudal Age
15:03 Double-Bit Axe
18:19 Horse Collar
27:42 Castle Age
27:25 Gold Mining
28:07 Bloodlines
29:20 Bow Saw
30:51 Husbandry
30:53 Stone Mining
31:12 Heavy Plow
31:17 Caravan
33:00 Kshatriyas
33:12 Treadmill Crane
34:27 Gold Shaft Mining
37:50 Imperial Age
36:36 Forging
36:32 Scale Barding Armor
36:54 Masonry
37:45 Murder Holes
38:57 Conscription
40:04 Chemistry
41:07 Wheelbarrow
40:08 Heavy Camel Rider
42:43 Crop Rotation
44:48 Iron Casting
44:33 Chain Barding Armor
45:23 Hand Cart
45:55 Thumb Ring
45:11 Elite Elephant Archer
46:20 Padded Archer Armor
46:13 Fletching
46:10 Elite Skirmisher
48:57 Architecture
49:36 Plate Barding Armor
Connection lost

Rejoining the realm…

Still unreachable

The connection could not be restored.

Session expired

The server has moved on; the page needs a fresh start.